 Dungeon Crawl Stone Soup version 0.25-a0-339-gb37b713d4c (webtiles) character file.

Game seed: 16642507646753174865, levelgen mode: classic

19411 Borgoz the Cleaver (level 12, -6/108 (113) HPs)
             Began as a Hill Orc Berserker on Dec 25, 2019.
             Was a High Priest of Trog.
             Mangled by a manticore (9 damage)
             ... on level 11 of the Dungeon on Dec 28, 2019.
             The game lasted 00:31:05 (11821 turns).

Borgoz the Cleaver (Hill Orc Berserker)            Turns: 11821, Time: 00:31:05

HP:   -6/108 (113)  AC: 11    Str: 21    XL:     12   Next: 68%
MP:   12/12         EV: 16    Int:  7    God:    Trog [*****.]
Gold: 751           SH:  0    Dex: 18    Spells: 11/11 levels left

rFire    + . .     SeeInvis .   b - +0 battleaxe (vamp)
rCold    . . .     Gourm    .   (shield currently unavailable)
rNeg     . . .     Faith    .   o - +0 scale mail
rPois    .         Spirit   .   (no helmet)
rElec    .         Reflect  .   (no cloak)
rCorr    .         Harm     .   y - +1 pair of gloves
MR       ++...                  (no boots)
Stlth    ..........             w - amulet of regeneration
HPRegen  1.68/turn              A - ring of protection from fire
MPRegen  0.13/turn              E - +4 ring of dexterity

@: regenerating, drained
A: no striking features
a: Berserk, Trog's Hand, Brothers in Arms, Renounce Religion


You were on level 11 of the Dungeon.
You worshipped Trog.
Trog was extremely pleased with you.
You were not hungry.

You visited 1 branch of the dungeon, and saw 11 of its levels.
You also visited: Ice Cave.

You collected 751 gold pieces.

Inventory:

Hand Weapons
 b - a +0 vampiric battleaxe (weapon)
 t - a +2 battleaxe of freezing
 B - a +2 battleaxe of draining
Armour
 o - a +0 scale mail (worn)
 y - a +1 pair of gloves (worn)
Jewellery
 a - an uncursed amulet of guardian spirit
 w - an amulet of regeneration (around neck)
 A - a ring of protection from fire (left hand)
 E - a +4 ring of dexterity (right hand)
Wands
 F - a wand of polymorph (4)
Scrolls
 c - 2 scrolls of fog
 d - 5 scrolls of remove curse
 h - 5 scrolls of teleportation
 j - 2 scrolls of enchant armour
 l - a scroll of fear {unknown}
 q - a scroll of blinking
 z - a scroll of enchant weapon {unknown}
 C - a scroll of holy word {unknown}
 G - a scroll of brand weapon
 H - a scroll of random uselessness {unknown}
Potions
 e - a potion of cancellation
 f - a potion of resistance
 g - 4 potions of lignification
 i - 2 potions of mutation {unknown}
 k - 3 potions of heal wounds {unknown}
 m - 5 potions of flight {unknown}
 n - 4 potions of ambrosia {unknown}
 p - a potion of magic
 s - 2 potions of berserk rage {unknown}
 u - 3 potions of might
 v - 5 potions of curing
 x - 3 potions of haste
 D - 3 potions of brilliance
Comestibles
 r - 19 rations


   Skills:
 + Level 12.5(11.6) Fighting
 + Level 13.6(12.7) Axes
 + Level 11.4(10.5) Armour
 + Level 8.9(8.1) Dodging


You had 11 spell levels left.
You didn't know any spells.
Your spell library was empty.

Dungeon Overview and Level Annotations

Branches:
Dungeon (11/15)            Temple (0/1) D:6            Lair (0/6) D:9
    Orc (0/2) D:9           IceCv (visited)

Altars:
Ashenzari
Elyvilon
Gozag
Qazlal
Sif Muna
Xom

Shops:
D:4 [   D:5 [   D:9 :

Annotations:
D:8 Blork the orc
D:9 3 runed translucent doors, Borgoz's ghost, novice GrBe


Message History

The cyclops throws a large rock.
The large rock hits you!!
* * * LOW HITPOINT WARNING * * *
You see here a large rock.
Okay, then.
The cyclops completely misses you.
You slice the cyclops!!
The cyclops is heavily wounded.
You slash the manticore! The manticore bites you.
* * * LOW HITPOINT WARNING * * *
The manticore claws you!
* * * LOW HITPOINT WARNING * * *
The manticore barely misses you.
Unknown command.
Okay, then.
You slash the cyclops!
The cyclops is severely wounded.
You closely miss the manticore. You barely miss the black bear.
The manticore misses you. The manticore completely misses you.
The manticore claws you!
You die...

#.# #...# #.......#
####.###...# #.......#
...........####.......#
......................##*
........#####...........*
........# #...........*
######..# #...........*
#....#..# #...(C......*
#....#..# #..H@.......*
#....#..# #..h..?.....*
#....#,,****#..#+###....*
#....#,........#,,,*,###*
.....#,........#,,,*,*
###))#,........#,,,*,******
#..#,...(....#,,,*,,,,,,*
#..#,........#,,,*,,*****
#.(#####.....#****,,*


You could see a manticore, a cyclops and a black bear.

Vanquished Creatures
  A frost giant (IceCv)
  Erolcha (D:9)
  Josephine (D:11)
  A hydra (D:8)
  A two-headed ogre (D:10)
  Pikel (D:6)
  An ugly thing (D:11)
  A centaur zombie (D:11)
  An ice statue (IceCv)
  A gargoyle (D:11)
  A kobold demonologist (D:10)
  A troll (D:9)
  13 polar bears (IceCv)
  3 slime creatures (D:11)
  2 dream sheep (D:8)
  Prince Ribbit (D:6)
  A hippogriff (D:11)
  Sigmund (D:6)
  10 yaks
  5 wraiths (D:11)
  Eustachio (D:6)
  2 hungry ghosts
  A water moccasin (D:8)
  3 porcupines (D:9)
  3 sky beasts
  2 orc warriors
  4 slaves (D:6)
  4 ogres
  2 phantoms
  2 necrophages
  13 centaurs
  13 wolves (IceCv)
  A crocodile (D:9)
  3 big kobolds (D:8)
  6 bullfrogs
  2 scorpions
  5 wights (D:11)
  5 howler monkeys
  3 crimson imps
  2 jellies
  A quasit (D:6)
  2 bullfrog zombies
  6 orc priests
  7 hounds
  A bullfrog skeleton (D:11)
  A centaur skeleton (D:6)
  3 iguanas
  12 worker ants
  10 orc wizards
  A howler monkey skeleton (D:6)
  7 gnolls
  7 adders
  An adder zombie (D:5)
  An adder skeleton (D:8)
  2 worms
  3 dart slugs
  5 leopard geckos
  26 orcs
  7 bats
  3 giant cockroaches
  6 goblins
  9 hobgoblins
  13 jackals
  6 kobolds
  6 quokkas
  3 frilled lizards
  A quokka skeleton (D:7)
  9 rats
  9 fungi (D:9)
  11 plants (D:9)
304 creatures vanquished.

Vanquished Creatures (others)
  2 fungi (D:9)
2 creatures vanquished.

Grand Total: 306 creatures vanquished

Notes
Turn   | Place    | Note
-------+----------+-------------------------------------------
     0 | D:1      | Borgoz the Hill Orc Berserker began the quest for the Orb.
     0 | D:1      | Reached XP level 1. HP: 19/19 MP: 1/1
   307 | D:1      | Reached XP level 2. HP: 27/27 MP: 2/2
   349 | D:1      | Found a shattered altar of Ashenzari.
   715 | D:1      | You fall into a shaft and drop 1 floor!
   725 | D:2      | Reached XP level 3. HP: 15/33 MP: 3/3
  1451 | D:2      | Reached XP level 4. HP: 40/41 MP: 4/4
  1631 | D:1      | Reached ** piety under Trog
  1667 | D:2      | Noticed a centaur
  1678 | D:2      | Killed a centaur
  1678 | D:2      | Reached skill level 5 in Axes
  1678 | D:2      | Reached XP level 5. HP: 19/47 MP: 5/5
  1963 | D:2      | Found a stormy altar of Qazlal.
  2184 | D:3      | Reached skill level 5 in Fighting
  2187 | D:3      | Reached XP level 6. HP: 43/56 MP: 6/6
  3440 | D:4      | Reached *** piety under Trog
  3442 | D:4      | Reached skill level 6 in Axes
  3446 | D:4      | Reached XP level 7. HP: 61/61 MP: 7/7
  3574 | D:4      | Found Kodiar's Antique Armour Boutique.
  3710 | D:4      | Reached skill level 5 in Armour
  3862 | D:4      | Reached skill level 7 in Axes
  3862 | D:4      | Reached XP level 8. HP: 71/71 MP: 8/8
  4091 | D:5      | Entered Level 5 of the Dungeon
  4095 | D:5      | Found a white marble altar of Elyvilon.
  4103 | D:5      | Found Juarph's Antique Armour Emporium.
  4700 | D:5      | Reached skill level 8 in Axes
  5584 | D:6      | Noticed Eustachio
  5587 | D:6      | Noticed Sigmund
  5607 | D:6      | Reached XP level 9. HP: 75/75 MP: 9/9
  5611 | D:6      | Killed Eustachio
  5611 | D:6      | Reached **** piety under Trog
  5629 | D:6      | Killed Sigmund
  5629 | D:6      | Reached skill level 5 in Dodging
  5647 | D:6      | Noticed Pikel
  5674 | D:6      | Killed Pikel
  5674 | D:6      | Reached skill level 9 in Axes
  5770 | D:6      | Noticed Prince Ribbit
  5779 | D:6      | Killed Prince Ribbit
  6127 | D:6      | Found a staircase to the Ecumenical Temple.
  6730 | D:7      | Reached XP level 10. HP: 87/87 MP: 10/10
  6939 | D:8      | Reached skill level 10 in Axes
  7013 | D:8      | Noticed Blork the orc
  7034 | D:8      | Found a shimmering blue altar of Sif Muna.
  7073 | D:8      | Reached ***** piety under Trog
  7073 | D:8      | Received a gift from Trog
  8007 | D:8      | Noticed a three-headed hydra
  8012 | D:8      | Killed a one-headed hydra
  8012 | D:8      | Reached skill level 10 in Fighting
  8369 | D:9      | Found a staircase to the Orcish Mines.
  8457 | D:9      | Noticed Erolcha
  8480 | D:9      | Killed Erolcha
  8480 | D:9      | Reached skill level 11 in Axes
  8579 | D:9      | Reached XP level 11. HP: 97/97 MP: 11/11
  8697 | D:9      | Found a staircase to the Lair.
  8855 | D:9      | Found a runed translucent gate.
  8855 | D:9      | Found a runed translucent gate.
  8855 | D:9      | Found a runed translucent gate.
  8861 | D:9      | Found an opulent altar of Gozag.
  8864 | D:9      | Noticed Borgoz's ghost (novice GrBe)
  8880 | D:9      | Found a shimmering altar of Xom.
  8949 | D:9      | Found Rugusona's Book Shoppe.
  9221 | D:10     | Entered Level 10 of the Dungeon
  9229 | D:10     | Noticed a two-headed ogre
  9234 | D:10     | Killed a two-headed ogre
 10246 | D:11     | Upgraded the game from 0.25-a0-317-g5f8687bca5 to
                  | 0.25-a0-339-gb37b713d4c
 10392 | D:11     | Reached skill level 12 in Axes
 10392 | D:11     | Reached skill level 10 in Armour
 10409 | D:11     | Found a frozen archway.
 10421 | IceCv    | Entered an ice cave
 10755 | IceCv    | Reached XP level 12. HP: 55/106 MP: 12/12
 11015 | IceCv    | Noticed a frost giant
 11032 | IceCv    | Killed a frost giant
 11032 | IceCv    | Reached skill level 13 in Axes
 11339 | D:11     | Received a gift from Trog
 11658 | D:11     | Noticed Josephine
 11674 | D:11     | Killed Josephine
 11820 | D:11     | HP: 1/108 [manticore (7)]
 11821 | D:11     | Mangled by a manticore

Levels and vault maps discovered:
D:1:      lightli_arrival_windingriver, layout_loops_ring,
          hangedman_glass_teeth, ashenzari_altar_1
D:2:      layout_loops_ring, overflow_temple_1_default, first_ration
D:3:      layout_basic, serial_rivers, chequers_serial_rivers_marsh,
          chequers_serial_rivers_micro_b, chequers_serial_rivers_micro_a,
          chequers_serial_rivers_room_b
D:4:      layout_basic, serial_shops, nicolae_shop_crystal,
          corexii_hall_statues_s
D:5:      kennysheep_spiral_hall, layout_loops_ring, overflow_temple_1_default,
          serial_shops, kennysheep_mini_moat
D:6:      layout_basic, minmay_temple_entry_fiery, uniq_eustachio,
          uniq_prince_ribbit1, uniq_pikel, uniq_sigmund
D:7:      layout_basic
D:8:      layout_layer_cave, hangedman_ranch [blue_anna_fruit_fields],
          corner_web_ring, tgw_sif
D:9:      layout_roguey, grunt_lair_entry_orc_guard_hut, orc_0_dummy,
          serial_shops, shop, ebering_ghost_gozag, basic_altar,
          minmay_misc_feat_five, uniq_erolcha
D:10:     layout_layer_cave, minmay_misc_feat_hallway
D:11:     layout_irregular_city, portal_ice_cave_entry_pillars_2, uniq_josephine

Skill      XL: |  1  2  3  4  5  6  7  8  9 10 11 12 |
---------------+-------------------------------------+-----
Fighting       | 4 5 6 7 9 10 11 12 | 12.5
Dodging        | 2 3 4 5 7 8 |  8.9
Armour         | 3 4 5 6 7 9 10 11 | 11.4
Axes           | 5 6 7 8 9 11 12 13 | 13.6

Action                   |  1- 3 |  4- 6 |  7- 9 | 10-12 || total
-------------------------+-------+-------+-------+-------++-------
Melee: Hand axe          |    90 |   149 |   475 |       ||   714
       War axe           |       |       |    21 |   101 ||   122
       Battleaxe         |       |       |       |   399 ||   399
Invok: Berserk           |     2 |     4 |     8 |     7 ||    21
       Trog's Hand       |       |       |     1 |     5 ||     6
Evoke: Wand              |       |       |       |     2 ||     2
  Use: Scroll            |     1 |       |    10 |     9 ||    20
       Potion            |       |       |       |     2 ||     2
 Stab: Sleeping          |     1 |       |       |       ||     1
  Eat: Chunk             |     1 |     8 |    20 |    27 ||    56
       Ration            |     1 |       |       |     1 ||     2
Armor: Animal skin       |    27 |       |       |       ||    27
       Scale mail        |     2 |    61 |   205 |   249 ||   517
       Skin              |       |       |       |    16 ||    16
Dodge: Dodged            |    68 |    83 |   252 |   556 ||   959

Table legend:
 A = Non-vault XP
 B = Vault XP
 C = Vault XP percentage of total XP
 D = Non-vault monster count
 E = Vault monster count
 F = Vault count percentage of total count
                 A         B        C        D         E       F
            +---------+---------+-------+---------+---------+-------
      Total |   11028 |   16702 |  60.2 |     216 |      64 |  22.9
            +---------+---------+-------+---------+---------+-------
        D:1 |      28 |       0 |   0.0 |      17 |       0 |   0.0
        D:2 |     231 |       0 |   0.0 |      30 |       0 |   0.0
        D:3 |     180 |       0 |   0.0 |      25 |       0 |   0.0
        D:4 |     805 |       0 |   0.0 |      20 |       0 |   0.0
        D:5 |     680 |     191 |  21.9 |      21 |       3 |  12.5
        D:6 |     561 |    1306 |  70.0 |      20 |       4 |  16.7
        D:7 |     771 |       0 |   0.0 |      15 |       0 |   0.0
        D:8 |     891 |    2192 |  71.1 |      22 |       8 |  26.7
        D:9 |    1061 |    1847 |  63.5 |       9 |       7 |  43.8
       D:10 |    1604 |       0 |   0.0 |      10 |       0 |   0.0
       D:11 |    4216 |    2104 |  33.3 |      27 |       6 |  18.2
      IceCv |       0 |    9062 | 100.0 |       0 |      36 | 100.0
            +---------+---------+-------+---------+---------+-------
